 Dungeon Crawl Stone Soup version 0.23.2-1-ga50397a6bc (webtiles) character file.

Game seed: 17963337604899241465

3789 CptnHaddock the Covert (level 10, 0/65 HPs)
             Began as an Octopode Assassin on May 11, 2019.
             Was a Believer of Hepliaklqana.
             Succumbed to a killer bee's poison
             ... on level 7 of the Dungeon.
             The game lasted 00:26:04 (10416 turns).

CptnHaddock the Covert (Octopode Assassin)         Turns: 10416, Time: 00:26:05

Health: 0/65       AC:  1    Str: 10    XL:     10   Next: 16%
Magic:  10/10      EV: 13    Int: 16    God:    Hepliaklqana [**....]
Gold:   378        SH:  0    Dex: 15    Spells: 9/9 levels left

rFire    . . .     SeeInvis .   a - +3 dagger (drain)
rCold    . . .     Gourm    .   (no shield)
rNeg     + . .     Faith    .   (helmet restricted)
rPois    .         Spirit   .   (no amulet)
rElec    .         Reflect  .   e - ring of positive energy
rCorr    .         Harm     .   (no ring)
MR       .....                  (no ring)
Stlth    ++++++....             (no ring)
HPRegen  0.20/turn              (no ring)
MPRegen  0.12/turn              (no ring)
                                (no ring)
                                (no ring)

@: lethally poisoned (0 -> -4), vulnerable
A: almost no armour, stealthy swim, amphibious, 8 rings, constrict 8, reduced
essence, camouflage 1, gelatinous body 1
a: Ancestor Life: Knight, Ancestor Life: Battlemage, Ancestor Life: Hexer,
Recall Ancestor, Ancestor Identity, Renounce Religion


You were on level 7 of the Dungeon.
You worshipped Hepliaklqana.
Hepliaklqana was pleased with you.
You were very hungry.

You visited 1 branch of the dungeon, and saw 9 of its levels.

You collected 378 gold pieces.

Inventory:

Hand Weapons
 a - a +3 dagger of draining (weapon)
 b - a +0 blowgun
 s - a +2 dagger
 w - the +8 demon blade "Bloodbane" {slice, *Rage +Rage Stlth-}
   (You found it on level 7 of the Dungeon)

   It inflicts extra damage upon your enemies.
   It lets you go berserk.
   It may make you go berserk in combat.
   It makes you less stealthy.
Missiles
 c - 22 poisoned needles
 d - 2 curare-tipped needles
 g - 6 needles of frenzy
 t - 4 javelins (quivered)
 v - 4 needles of sleeping
Armour
 A - a +0 large shield
Jewellery
 e - a ring of positive energy (left tentacle)
Wands
 x - a wand of digging (7)
Scrolls
 j - 3 scrolls of enchant armour
 m - 2 scrolls of amnesia
 n - 2 scrolls of teleportation
 o - 4 scrolls of remove curse
 p - a scroll of immolation
 q - 2 scrolls of magic mapping
 r - a scroll of torment
Potions
 i - a potion of flight
 k - a potion of brilliance
 l - a potion of agility
 u - a potion of resistance
Comestibles
 f - 20 rations


   Skills:
 + Level 8.9 Fighting
 + Level 7.8 Short Blades
 - Level 2.0 Throwing
 - Level 1.0 Dodging
 + Level 12.8 Stealth
 * Level 0.6 Shields


You had 9 spell levels left.
You didn't know any spells.
Your spell library contained the following spells:

 Spells                   Type           Power        Failure   Level  Hunger
 Magic Dart               Conj           #...         26%         1    ##.....
 Searing Ray              Conj           #.....       36%         2    ###....
 Dazzling Spray           Conj/Hex       #.....       58%         3    ####...
 Force Lance              Conj/Tloc      #.......     94%         4    #####..
 Fulminant Prism          Conj/Hex       #.........   94%         4    #####..
 Iskenderun's Mystic Bla  Conj           #.......     94%         4    #####..


Dungeon Overview and Level Annotations

Branches:
Dungeon (9/15)             Temple (0/1) D:7
   Lair: D:8-11         Orc: D:9-12

Altars:
Ashenzari
Cheibriados
Elyvilon
Gozag
Hepliaklqana
Kikubaaqudgha
Makhleb
Ru
Trog
Vehumet
Yredelemnul
Zin

Shops:
D:6 %

Annotations:
D:8 Erica, Harold


Innate Abilities, Weirdness & Mutations

You cannot wear most types of armour.
You are very stealthy in the water. (Stealth+)
You are amphibious.
You can wear up to eight rings at the same time.
You can use your tentacles to constrict eight enemies at once.
Your skin changes colour to match your surroundings (Stealth+).
Your rubbery body absorbs attacks. (AC +1, EV +1)
Your life essence is reduced to manifest your ancestor. (-10% HP)


Message History

* * * LOW HITPOINT WARNING * * *
You feel sick.
* * * LOW HITPOINT WARNING * * *
You feel sick.
There is a stone staircase leading down, spattered with blood here.
* * * LOW HITPOINT WARNING * * *
You feel sick.
* * * LOW HITPOINT WARNING * * *
You feel sick.
* * * LOW HITPOINT WARNING * * *
You feel sick.
* * * LOW HITPOINT WARNING * * *
You feel sick.
* * * LOW HITPOINT WARNING * * *
You feel sick.
* * * LOW HITPOINT WARNING * * *
You feel sick.
* * * LOW HITPOINT WARNING * * *
You feel sick.
You die...

##..............#......P.#####.
#.......#.....#.#..#######...#.
#....)......#...#..#..#..#.))#.
####........#.##..#..#..#..###'#.
...'........#.#......##'#'##.....
.#)##...#.....#..............⌠...
########.....##................##
#..#...........P####..####.
#.......#.@.>...#.R#..#.['.
#####..##.......#))'..#(†#.
##....#.##..####.P#####
####...##.............
###................
####............. #..........##.
#..........##. #..........##.


There were no monsters in sight!

Vanquished Creatures
  A two-headed ogre (D:8)
  Grinder (D:3)
  Prince Ribbit (D:5)
  A hippogriff (D:8)
  A vampire (D:7)
  A spriggan (D:7)
  A water moccasin (D:4)
  Duvessa (D:4)
  A black bear (D:6)
  An orc warrior (D:6)
  An ogre (D:7)
  Blork the orc (D:4)
  3 bullfrogs
  Dowan (D:4)
  2 killer bees (D:7)
  A bullfrog zombie (D:7)
  4 hounds
  2 crimson imps
  4 jellies
  A gnoll shaman (D:5)
  5 orc priests
  2 iguanas
  5 orc wizards
  6 worker ants
  A hound zombie (D:7)
  2 hound skeletons
  A howler monkey zombie (D:5)
  4 gnolls (D:5)
  5 adders
  2 shadow imps
  2 oozes
  An adder skeleton (D:5)
  5 worms
  2 dart slugs (D:1)
  5 leopard geckos
  22 orcs
  6 bats
  5 giant cockroaches
  8 goblins
  13 hobgoblins
  7 jackals
  3 quokkas
  11 frilled lizards
  A jackal zombie (D:5)
  9 kobolds
  10 rats
173 creatures vanquished.

Vanquished Creatures (collateral kills)
  An orc warrior (D:6)
  An ogre (D:7)
  A bullfrog skeleton (D:8)
  An orc wizard (D:5)
  A worker ant (D:7)
  A gnoll (D:5)
  An orc (D:6)
  A ball python (D:6)
8 creatures vanquished.

Vanquished Creatures (others)
  3 ancestors
  An adder (D:3)
  An orc (D:3)
  A giant cockroach (D:3)
  A quokka (D:3)
7 creatures vanquished.

Grand Total: 188 creatures vanquished

Notes
Turn   | Place    | Note
-------+----------+-------------------------------------------
     0 | D:1      | CptnHaddock the Octopode Assassin began the quest for the
                  | Orb.
     0 | D:1      | Reached XP level 1. HP: 14/14 MP: 1/1
   158 | D:1      | Reached XP level 2. HP: 20/20 MP: 2/2
   404 | D:1      | Reached skill level 6 in Stealth
   431 | D:1      | Reached XP level 3. HP: 25/25 MP: 3/3
   901 | D:2      | Reached XP level 4. HP: 16/31 MP: 4/4
  2193 | D:3      | Reached skill level 7 in Stealth
  2312 | D:3      | Noticed Grinder
  2321 | D:3      | Paralysed by Grinder for 4 turns
  2335 | D:3      | Killed Grinder
  2335 | D:3      | Reached skill level 8 in Stealth
  2335 | D:3      | Reached XP level 5. HP: 17/38 MP: 5/5
  2335 | D:3      | Reached XP level 6. HP: 19/44 MP: 6/6
  2800 | D:3      | Found a white marble altar of Elyvilon.
  3110 | D:4      | Noticed a water moccasin
  3142 | D:4      | Killed a water moccasin
  3142 | D:4      | Reached skill level 5 in Fighting
  3142 | D:4      | Reached XP level 7. HP: 15/50 MP: 7/7
  4298 | D:4      | Noticed Duvessa
  4298 | D:4      | Noticed Dowan
  4671 | D:4      | Noticed Blork the orc
  4783 | D:4      | Reached skill level 9 in Stealth
  4788 | D:4      | Killed Blork the orc
  4967 | D:4      | Found a hazy altar of Hepliaklqana.
  5344 | D:4      | Killed Duvessa
  5515 | D:4      | Killed Dowan
  5515 | D:4      | Reached XP level 8. HP: 53/57 MP: 8/8
  5556 | D:4      | Became a worshipper of Hepliaklqana the Forgotten
  5564 | D:5      | Entered Level 5 of the Dungeon
  6179 | D:5      | Reached skill level 10 in Stealth
  6334 | D:5      | Noticed Prince Ribbit
  6340 | D:5      | Killed Prince Ribbit
  6340 | D:5      | Reached skill level 5 in Short Blades
  6694 | D:5      | Found a burning altar of Makhleb.
  7016 | D:6      | Reached * piety under Hepliaklqana
  7439 | D:6      | Found a glowing silver altar of Zin.
  7439 | D:6      | Found a basalt altar of Yredelemnul.
  7439 | D:6      | Found a sacrificial altar of Ru.
  7439 | D:6      | Found an opulent altar of Gozag.
  7440 | D:6      | Found an ancient bone altar of Kikubaaqudgha.
  7441 | D:6      | Found a shattered altar of Ashenzari.
  7447 | D:6      | Found a snail-covered altar of Cheibriados.
  7448 | D:6      | Found a bloodstained altar of Trog.
  7565 | D:6      | Reached skill level 11 in Stealth
  7565 | D:6      | Reached XP level 9. HP: 45/57 MP: 9/9
  7981 | D:6      | Found a radiant altar of Vehumet.
  8085 | D:6      | Found Gimpext's Food Shoppe.
  9235 | D:7      | Found a staircase to the Ecumenical Temple.
  9297 | D:7      | Found the +8 demon blade "Bloodbane" {slice, *Rage +Rage
                  | Stlth-}
  9308 | D:7      | Reached ** piety under Hepliaklqana
  9372 | D:7      | Got a pitted dagger
  9373 | D:7      | Identified the cursed +0 dagger of Victory {drain, Str+4}
                  | (You found it on level 7 of the Dungeon)
  9464 | D:7      | Reached skill level 12 in Stealth
  9523 | D:8      | Noticed a two-headed ogre
  9702 | D:8      | Noticed a two-headed ogre
  9704 | D:8      | Killed a two-headed ogre
  9704 | D:8      | Reached XP level 10. HP: 65/65 MP: 10/10
 10243 | D:8      | Noticed Harold
 10258 | D:8      | Noticed Erica
 10410 | D:7      | HP: 3/65 [poisoned by a killer bee]
 10413 | D:7      | HP: 1/65 [poisoned by a killer bee]
 10416 | D:7      | Succumbed to a killer bee's poison

Skill      XL: |  1  2  3  4  5  6  7  8  9 |
---------------+----------------------------+-----
Stealth        | 6 8 9 11 12 | 12.8
Fighting       | 3 4 5 6 7 8 |  8.9
Short Blades   | 3 4 5 7 |  7.8
Throwing       | |  2.0
Dodging        | |  1.0
Shields        | |  0.6

Action                   |  1- 3 |  4- 6 |  7- 9 | 10-12 || total
-------------------------+-------+-------+-------+-------++-------
Melee: Dagger            |    77 |   102 |   242 |    25 ||   446
       Constrict         |    13 |    25 |    54 |     6 ||    98
       Tentacles         |     5 |    19 |    48 |     3 ||    75
 Fire: Blowgun           |       |     4 |    21 |       ||    25
Invok: Ancestor Identity |       |       |     2 |       ||     2
  Use: Scroll            |       |     5 |     8 |     3 ||    16
       Potion            |       |     1 |     6 |     3 ||    10
 Stab: Sleeping          |    18 |     8 |    26 |     2 ||    54
       Invisible         |       |       |     1 |       ||     1
       Distracted        |       |       |     3 |     1 ||     4
  Eat: Chunk             |       |     6 |    11 |     1 ||    18
       Ration            |       |       |     3 |       ||     3
Armor: Skin              |     9 |     2 |    12 |     2 ||    25
Dodge: Dodged            |    41 |    52 |   135 |    22 ||   250
